TOP OF THE 1ST |
Atlanta Smoke batting - Pitching for Brooklyn Dodgers : LHP Todd Hines
|
Pitching: LHP Todd Hines
|
|
Batting: RHB Nathan Horton
|
0-0: Ball 1-0: DOUBLE (Flyball, 8LXD)
|
Batting: LHB Juan Valdéz
|
0-0: Swinging Strike 0-1: Foul Ball, location: 2F 0-2: Strikes out looking
|
Batting: RHB Bob Campbell
|
0-0: Called Strike 0-1: Ball 1-1: Ball 2-1: Ball 3-1: Base on Balls
|
Batting: RHB David Morales
|
0-0: Called Strike 0-1: Reached on error, E6 (Groundball, 6) Nathan Horton to third Bob Campbell to second
|
Batting: RHB Leandro Tuzzi
|
0-0: Ball 1-0: Called Strike 1-1: Ball 2-1: Swinging Strike 2-2: Foul Ball, location: 2F 2-2: Strikes out swinging
|
Batting: RHB Mal Bussard
|
0-0: Foul Ball, location: 2F 0-1: Ball 1-1: Called Strike 1-2: Foul Ball, location: 2F 1-2: Strikes out swinging
|
Top of the 1st over - 0 run(s), 1 hit(s), 1 error(s), 3 left on base; Atlanta 0 - Brooklyn 0 |
BOTTOM OF THE 1ST |
Brooklyn Dodgers batting - Pitching for Atlanta Smoke : RHP Christian Bates
|
Pitching: RHP Christian Bates
|
|
Batting: RHB Sean Davis
|
0-0: Ball 1-0: Ground out 1-3 (Groundball, 13S)
|
Batting: LHB Pancho García
|
0-0: Ground out 3-1 (Groundball, 3)
|
Batting: LHB Rubén López
|
0-0: Foul Ball, location: 2F 0-1: Ball 1-1: Ground out 6-3 (Groundball, 6)
|
Bottom of the 1st over - 0 run(s), 0 hit(s), 0 error(s), 0 left on base; Atlanta 0 - Brooklyn 0 |
TOP OF THE 2ND |
Atlanta Smoke batting - Pitching for Brooklyn Dodgers : RHP Francis Cahill
|
Pitching: RHP Francis Cahill
|
|
Batting: LHB Mike Blue
|
0-0: Ball 1-0: Foul Ball, location: 2F 1-1: Ground out U3 (Groundball, 3L)
|
Batting: RHB Hubert Dodson
|
0-0: Ball 1-0: Ball 2-0: Ball 3-0: Called Strike 3-1: Base on Balls
|
Batting: RHB Christian Bates
|
0-0: Bunted foul 0-1: Ball 1-1: Ball 2-1: Sac Bunt - play at first, batter OUT! 1-4 Hubert Dodson to second
|
Batting: RHB Nathan Horton
|
0-0: Foul Ball, location: 2F 0-1: Ball 1-1: Fly out, F9 (Flyball, 9LM)
|
Top of the 2nd over - 0 run(s), 0 hit(s), 0 error(s), 1 left on base; Atlanta 0 - Brooklyn 0 |
BOTTOM OF THE 2ND |
Brooklyn Dodgers batting - Pitching for Atlanta Smoke : RHP Christian Bates
|
Batting: RHB Thom Wilcox
|
0-0: Foul Ball, location: 2F 0-1: Foul Ball, location: 2F 0-2: Ball 1-2: Strikes out swinging
|
Batting: LHB Chris Gregory
|
0-0: Called Strike 0-1: Swinging Strike 0-2: Ball 1-2: Ball 2-2: Fly out, F8 (Line Drive, 8LM)
|
Batting: LHB Roberto Rodríguez
|
0-0: Foul Ball, location: 2F 0-1: Ball 1-1: Swinging Strike 1-2: Strikes out swinging
|
Bottom of the 2nd over - 0 run(s), 0 hit(s), 0 error(s), 0 left on base; Atlanta 0 - Brooklyn 0 |
TOP OF THE 3RD |
Atlanta Smoke batting - Pitching for Brooklyn Dodgers : RHP Francis Cahill
|
Batting: LHB Juan Valdéz
|
0-0: Ball 1-0: Ball 2-0: Ball 3-0: Called Strike 3-1: Foul Ball, location: 2F 3-2: Base on Balls
|
Batting: RHB Bob Campbell
|
0-0: Called Strike 0-1: Ball 1-1: Called Strike 1-2: Hit by Pitch Juan Valdéz to second
|
Batting: RHB David Morales
|
0-0: Foul Ball, location: 2F 0-1: Swinging Strike 0-2: Ball 1-2: Fly out, F8 (Flyball, 89M)
|
Batting: RHB Leandro Tuzzi
|
0-0: Swinging Strike 0-1: Called Strike 0-2: Ball 1-2: Foul Ball, location: 2F 1-2: Foul Ball, location: 2F 1-2: Grounds into double play, 4-6-3 (Groundball, 4)
|
Top of the 3rd over - 0 run(s), 0 hit(s), 0 error(s), 1 left on base; Atlanta 0 - Brooklyn 0 |
BOTTOM OF THE 3RD |
Brooklyn Dodgers batting - Pitching for Atlanta Smoke : RHP Christian Bates
|
Batting: RHB Don MacNeilage
|
0-0: Ball 1-0: Ball 2-0: Foul Ball, location: 2F 2-1: Fly out, F8 (Flyball, 89M)
|
Batting: SHB Shojiro Kimura
|
0-0: Ground out 4-3 (Groundball, 4MS)
|
Batting: RHB Francis Cahill
|
0-0: Ball 1-0: Foul Ball, location: 2F 1-1: Ground out 5-3 (Groundball, 56)
|
Bottom of the 3rd over - 0 run(s), 0 hit(s), 0 error(s), 0 left on base; Atlanta 0 - Brooklyn 0 |
TOP OF THE 4TH |
Atlanta Smoke batting - Pitching for Brooklyn Dodgers : RHP Francis Cahill
|
Batting: RHB Mal Bussard
|
0-0: Foul Ball, location: 2F 0-1: Ball 1-1: Ground out 6-3 (Groundball, 6)
|
Batting: LHB Mike Blue
|
0-0: Ball 1-0: SINGLE (Line Drive, 6)
|
Batting: RHB Hubert Dodson
|
0-0: Ground out U3 (Groundball, 3S) Mike Blue to second
|
Batting: RHB Christian Bates
|
0-0: Foul Ball, location: 2F 0-1: Swinging Strike 0-2: Ball 1-2: Strikes out looking
|
Top of the 4th over - 0 run(s), 1 hit(s), 0 error(s), 1 left on base; Atlanta 0 - Brooklyn 0 |
BOTTOM OF THE 4TH |
Brooklyn Dodgers batting - Pitching for Atlanta Smoke : RHP Christian Bates
|
Batting: RHB Sean Davis
|
0-0: Ball 1-0: Called Strike 1-1: Foul Ball, location: 2F 1-2: SINGLE (Groundball, 56D)
|
Batting: LHB Pancho García
|
0-0: Ground out 4-3 (Groundball, 4D) Sean Davis to second
|
Batting: LHB Rubén López
|
0-0: Called Strike 0-1: Ball 1-1: Foul Ball, location: 2F 1-2: Fly out, F7 (Flyball, 78D)
|
Batting: RHB Thom Wilcox
|
0-0: Called Strike 0-1: Called Strike 0-2: Ground out 2-3 (Groundball, 13S)
|
Bottom of the 4th over - 0 run(s), 1 hit(s), 0 error(s), 1 left on base; Atlanta 0 - Brooklyn 0 |
TOP OF THE 5TH |
Atlanta Smoke batting - Pitching for Brooklyn Dodgers : RHP Francis Cahill
|
Batting: RHB Nathan Horton
|
0-0: Foul Ball, location: 2F 0-1: Foul Ball, location: 2F 0-2: Ball 1-2: Foul Ball, location: 2F 1-2: Ball 2-2: Ball 3-2: Foul Ball, location: 2F 3-2: Foul Ball, location: 2F 3-2: Foul Ball, location: 2F 3-2: Foul Ball, location: 2F 3-2: Fly out, F7 (Flyball, 7LM)
|
Pitching: RHP Ken Hinkle
|
|
Batting: LHB Juan Valdéz
|
0-0: Fly out, F2 (Popup, 2LF)
|
Batting: RHB Bob Campbell
|
0-0: Swinging Strike 0-1: Ball 1-1: Called Strike 1-2: SINGLE (Groundball, 6D)
|
Batting: RHB David Morales
|
0-0: Fielders Choice at 2nd, U6 (Groundball, 6M)
|
Top of the 5th over - 0 run(s), 1 hit(s), 0 error(s), 1 left on base; Atlanta 0 - Brooklyn 0 |
BOTTOM OF THE 5TH |
Brooklyn Dodgers batting - Pitching for Atlanta Smoke : RHP Christian Bates
|
Batting: LHB Chris Gregory
|
0-0: Ball 1-0: Foul Ball, location: 2F 1-1: Ball 2-1: SINGLE (Groundball, 3L)
|
Batting: LHB Roberto Rodríguez
|
0-0: Ball Chris Gregory is caught stealing 2nd base 1-0: Foul Ball, location: 2F 1-1: Ball 2-1: Called Strike 2-2: Strikes out looking
|
Batting: RHB Don MacNeilage
|
0-0: Ball 1-0: Swinging Strike 1-1: Ball 2-1: Ground out 1-3 (Groundball, 13S)
|
Bottom of the 5th over - 0 run(s), 1 hit(s), 0 error(s), 0 left on base; Atlanta 0 - Brooklyn 0 |
TOP OF THE 6TH |
Atlanta Smoke batting - Pitching for Brooklyn Dodgers : RHP Ken Hinkle
|
Batting: RHB Leandro Tuzzi
|
0-0: Fly out, F7 (Line Drive, 78M)
|
Batting: RHB Mal Bussard
|
0-0: Foul Ball, location: 2F 0-1: Ball 1-1: Foul Ball, location: 2F 1-2: Ball 2-2: DOUBLE (Line Drive, 9LS)
|
Batting: LHB Mike Blue
|
0-0: Intentional Walk
|
Batting: RHB Hubert Dodson
|
0-0: Swinging Strike 0-1: Foul Ball, location: 2F 0-2: Ball 1-2: Strikes out looking
|
Batting: RHB Christian Bates
|
0-0: Swinging Strike 0-1: Ball 1-1: Ball 2-1: Swinging Strike 2-2: Strikes out swinging
|
Top of the 6th over - 0 run(s), 1 hit(s), 0 error(s), 2 left on base; Atlanta 0 - Brooklyn 0 |
BOTTOM OF THE 6TH |
Brooklyn Dodgers batting - Pitching for Atlanta Smoke : RHP Christian Bates
|
Batting: SHB Shojiro Kimura
|
0-0: Swinging Strike 0-1: Ball 1-1: Swinging Strike 1-2: Strikes out swinging
|
Pinch Hitting: RHB Luis Rivas
|
0-0: Called Strike 0-1: Called Strike 0-2: Strikes out swinging
|
Batting: RHB Sean Davis
|
0-0: Ground out 5-3 (Groundball, 56S)
|
Bottom of the 6th over - 0 run(s), 0 hit(s), 0 error(s), 0 left on base; Atlanta 0 - Brooklyn 0 |
TOP OF THE 7TH |
Atlanta Smoke batting - Pitching for Brooklyn Dodgers : RHP Ken Hinkle
|
Pitching: RHP John Watson
|
|
Batting: RHB Nathan Horton
|
0-0: Ball 1-0: Called Strike 1-1: Ball 2-1: Swinging Strike 2-2: Ground out 4-3 (Groundball, 4)
|
Batting: LHB Juan Valdéz
|
0-0: DOUBLE (Flyball, 8RXD)
|
Batting: RHB Bob Campbell
|
0-0: Intentional Walk
|
Pinch Hitting: RHB Russell Jackson
|
0-0: Ball 1-0: Swinging Strike 1-1: Called Strike 1-2: Strikes out swinging
|
Batting: RHB Leandro Tuzzi
|
0-0: Ground out 4-3 (Groundball, 4)
|
Top of the 7th over - 0 run(s), 1 hit(s), 0 error(s), 2 left on base; Atlanta 0 - Brooklyn 0 |
BOTTOM OF THE 7TH |
Brooklyn Dodgers batting - Pitching for Atlanta Smoke : RHP Christian Bates
|
Now at 1B: Russell Jackson
|
|
Batting: LHB Pancho García
|
0-0: Ball 1-0: Foul Ball, location: 2F 1-1: Swinging Strike 1-2: DOUBLE (Groundball, 5D)
|
Batting: LHB Rubén López
|
0-0: Called Strike 0-1: Ground out 4-3 (Groundball, 4) Pancho García to third
|
Batting: RHB Thom Wilcox
|
0-0: Intentional Walk
|
Batting: LHB Chris Gregory
|
0-0: Ball 1-0: Grounds out, U3 (Groundball, 3L) Pancho García scores
|
Batting: LHB Roberto Rodríguez
|
0-0: Ball 1-0: DOUBLE (Line Drive, 5D) Thom Wilcox scores
|
Batting: RHB Don MacNeilage
|
0-0: Foul Ball, location: 2F 0-1: Fly out, F9 (Flyball, 89M)
|
Bottom of the 7th over - 2 run(s), 2 hit(s), 0 error(s), 1 left on base; Atlanta 0 - Brooklyn 2 |
TOP OF THE 8TH |
Atlanta Smoke batting - Pitching for Brooklyn Dodgers : RHP John Watson
|
Now at 1B: Brad Perry
|
|
Batting: RHB Mal Bussard
|
0-0: Called Strike 0-1: Ground out 1-3 (Groundball, 13)
|
Batting: LHB Mike Blue
|
0-0: Foul Ball, location: 2F 0-1: Foul Ball, location: 2F 0-2: Strikes out looking
|
Batting: RHB Hubert Dodson
|
0-0: Swinging Strike 0-1: Swinging Strike 0-2: Ball 1-2: Strikes out swinging
|
Top of the 8th over - 0 run(s), 0 hit(s), 0 error(s), 0 left on base; Atlanta 0 - Brooklyn 2 |
BOTTOM OF THE 8TH |
Brooklyn Dodgers batting - Pitching for Atlanta Smoke : RHP Christian Bates
|
Batting: SHB Shojiro Kimura
|
0-0: Ball 1-0: Swinging Strike 1-1: Foul Ball, location: 2F 1-2: Ball 2-2: Strikes out swinging
|
Pinch Hitting: RHB Jim Coffey
|
0-0: Ball 1-0: Reached on error, E6 (Groundball, 6)
|
Batting: RHB Sean Davis
|
0-0: Fly out, F9 (Flyball, 89XD) Runner from 2nd tags up, SAFE at 3rd, no throw
|
Batting: LHB Pancho García
|
0-0: Ball 1-0: Called Strike 1-1: Foul Ball, location: 2F 1-2: Ground out U3 (Groundball, 3S)
|
Bottom of the 8th over - 0 run(s), 0 hit(s), 1 error(s), 1 left on base; Atlanta 0 - Brooklyn 2 |
TOP OF THE 9TH |
Atlanta Smoke batting - Pitching for Brooklyn Dodgers : RHP John Watson
|
Pitching: RHP António Vega
|
|
Pinch Hitting: RHB Calvin Fleming
|
0-0: Swinging Strike 0-1: Swinging Strike 0-2: Ball 1-2: Ball 2-2: Ground out 6-3 (Groundball, 6M)
|
Batting: RHB Nathan Horton
|
0-0: Foul Ball, location: 2F 0-1: Swinging Strike 0-2: Strikes out swinging
|
Batting: LHB Juan Valdéz
|
0-0: Called Strike 0-1: Ball 1-1: Called Strike 1-2: Ball 2-2: Foul Ball, location: 2F 2-2: Ground out 1-3 (Groundball, 13S)
|
Top of the 9th over - 0 run(s), 0 hit(s), 0 error(s), 0 left on base; Atlanta 0 - Brooklyn 2 |
|